 Dungeon Crawl Stone Soup version 0.28-b1-70-g80dc712255 (webtiles) character file.

Game seed: 14708492967964712893

581 crazypyro the Chopper (level 7, 0/52 HPs)
             Began as a Demonspawn Fighter on Feb 3, 2022.
             Slain by an ogre (15 damage)
             ... on level 5 of the Dungeon.
             The game lasted 00:03:06 (3738 turns).

crazypyro the Chopper (Demonspawn Fighter)          Turns: 3738, Time: 00:03:06

Health: 0/52       AC:  8    Str: 19    XL:     7   Next: 13%
Magic:  7/7        EV:  9    Int: 14    God:
Gold:   332        SH:  5    Dex: 17    Spells: 6/6 levels left

rFire   . . .      SeeInvis .   n - +8 spear "Imopin" {flame, *Rage Int+5 Dex+5}
rCold   . . .      Faith    .   c - +0 buckler
rNeg    . . .      Spirit   .   b - +0 scale mail
rPois   .          Reflect  .   (no helmet)
rElec   .          Harm     .   (no cloak)
rCorr   +          Rampage  .   (no gloves)
Will    .....      Rage     20% (no boots)
Stlth   ..........              (no amulet)
HPRegen 0.17/turn               l - ring of resist corrosion
MPRegen 0.20/turn               (no ring)

@: on berserk cooldown, slowed, very slow
A: yellow scales 1, powered by death 1, magic regeneration
a: no special abilities


You were on level 5 of the Dungeon.
You visited 1 branch of the dungeon, and saw 5 of its levels.

You collected 332 gold pieces.

Inventory:

Hand Weapons
 a - a +0 war axe
 n - the +8 spear "Imopin" (weapon) {flame, *Rage Int+5 Dex+5}
   (You found it on level 4 of the Dungeon)

   It burns those it strikes, dealing additional fire damage.
   Int:       It affects your intelligence (+5).
   Dex:       It affects your dexterity (+5).
   *Rage:     It berserks you when you make melee attacks (+20% chance).
Armour
 b - a +0 scale mail (worn)
 c - a +0 buckler (worn)
Jewellery
 l - a ring of resist corrosion (left hand)
 r - a ring of magical power
Scrolls
 e - 6 scrolls of identify {unknown}
 g - 3 scrolls of teleportation {unknown}
 i - a scroll of amnesia {unknown}
 k - a scroll of torment {unknown}
 m - 3 scrolls of vulnerability {unknown}
 p - a scroll of enchant armour {unknown}
 q - a scroll of holy word {unknown}
Potions
 d - a potion of might
 f - 3 potions of cancellation {unknown}
 h - 2 potions of heal wounds {unknown}
 j - a potion of berserk rage {unknown}
 o - a potion of curing {unknown}


   Skills:
 - Level 3.1 Fighting
 - Level 4.9(5.9) Axes
 * Level 4.9(5.8) Polearms
 - Level 2.8 Armour
 - Level 2.8 Shields


You had 6 spell levels left.
You didn't know any spells.
Your spell library contained the following spells:

 Spells                   Type           Power      Damage    Failure   Level
 Magic Dart               Conj           0%         1d3       75%         1
 Searing Ray              Conj           0%         2d4       86%         2
 Ozocubu's Armour         Ice            0%         N/A       98%         3
 Fulminant Prism          Conj/Hex       0%         3d6       100%        4
 Hailstorm                Conj/Ice       0%         3d3       100%        4
 Ice Form                 Ice/Tmut       0%         N/A       100%        4
 Summon Lightning Spire   Summ/Air       0%         N/A       100%        4
 Metabolic Englaciation   Hex/Ice        0%         N/A       100%        5
 Simulacrum               Ice/Necr       0%         N/A       100%        6
 Storm Form               Tmut/Air       0%         N/A       100%        7
 Maxwell's Capacitive Co  Air            0%         ∞         100%        8


Dungeon Overview and Level Annotations

Branches:
Dungeon (5/15)             Temple (0/1) D:4

Altars:
Xom

Shops:
D:3 (


Innate Abilities, Weirdness & Mutations

You are partially covered in yellow scales. (AC +2)
You regenerate a little health from kills.
You regenerate magic rapidly.


Message History

A red film seems to cover your vision as you go berserk!
You feel yourself moving faster!
You feel mighty!
You puncture Edmund! You burn Edmund.
Edmund is moderately wounded.
An iguana comes into view.
The ogre hits you with a +0 giant spiked club!
Edmund hits you with a +2 flail of draining!
You feel drained.
* * * LOW HITPOINT WARNING * * *
You feel a strong urge to attack something.
Reach: n) +8 spear "Imopin" {flame, *Rage Int+5 Dex+5}
Press: ? - help, Dir - move target, f - Edmund
Aim: Edmund, wielding a +2 flail of draining and wearing a +0 ring mail (moderately wounded, about 25% to evade the +8 spear "Imopin")
You reach to attack!
You puncture Edmund! You burn Edmund.
Edmund is heavily wounded.
Reach: n) +8 spear "Imopin" {flame, *Rage Int+5 Dex+5}
Press: ? - help, Dir - move target, f/p - Edmund
Aim: Edmund, wielding a +2 flail of draining and wearing a +0 ring mail (heavily wounded, about 25% to evade the +8 spear "Imopin")
You reach to attack!
You puncture Edmund! You burn Edmund.
Edmund is almost dead.
Reach: n) +8 spear "Imopin" {flame, *Rage Int+5 Dex+5}
Press: ? - help, Dir - move target, f/p - Edmund
Aim: Edmund, wielding a +2 flail of draining and wearing a +0 ring mail (almost dead, about 25% to evade the +8 spear "Imopin")
You barely miss Edmund.
Edmund is almost dead.
Reach: n) +8 spear "Imopin" {flame, *Rage Int+5 Dex+5}
Press: ? - help, Dir - move target, f/p - Edmund
Aim: Edmund, wielding a +2 flail of draining and wearing a +0 ring mail (almost dead, about 25% to evade the +8 spear "Imopin")
You impale Edmund!! You burn Edmund.
You kill Edmund!
Your life force feels restored.
You have reached level 7!
Your demonic ancestry asserts itself...
A wave of death washes over you.
You feel a strong urge to attack something.
You are no longer berserk.
You are exhausted.
You feel yourself slow down.
The ogre hits you with a +0 giant spiked club!
You die...

# ##. #
##.####...#
...l....#.#
#.[....O.# #.#
#.####### #.#
#..l..l.# #.#
#######.# #.#
#O# #.#
#######@## #.#
.........###.##
#######.......#
#...##.##
#......#
##..##.#
#..##.#
#######..##.#
#........##.#


You could see an ogre and an iguana.

Vanquished Creatures
  Edmund (D:5)
  A centaur (D:4)
  A water moccasin zombie (D:5)
  A scorpion (D:4)
  A wyvern skeleton (D:5)
  A hound (D:5)
  2 iguanas (D:5)
  A scorpion zombie (D:5)
  4 adders
  2 worms
  3 dart slugs
  An orc (D:4)
  3 endoplasms
  5 giant cockroaches
  2 goblins
  8 hobgoblins
  6 jackals
  5 ball pythons
  5 bats
  3 frilled lizards (D:1)
  7 kobolds
  4 rats
67 creatures vanquished.

Notes
Turn   | Place    | Note
-------+----------+-------------------------------------------
     0 | D:1      | crazypyro the Demonspawn Fighter began the quest for the
                  | Orb.
     0 | D:1      | Reached XP level 1. HP: 18/18 MP: 1/1
   183 | D:1      | Gained mutation: You regenerate magic rapidly. [demonic
                  | ancestry]
   183 | D:1      | Reached XP level 2. HP: 20/24 MP: 2/2
   500 | D:1      | Found a faded altar of an unknown god.
   500 | D:1      | Noticed a floating eye
   503 | D:1      | Noticed a great orb of eyes
   509 | D:1      | Noticed a floating eye
   569 | D:1      | Noticed a shining eye
   731 | D:1      | Gained mutation: You are partially covered in yellow
                  | scales. (AC +2) [demonic ancestry]
   731 | D:1      | Reached XP level 3. HP: 29/29 MP: 3/3
  1278 | D:2      | Found a shimmering altar of Xom.
  2201 | D:3      | Reached XP level 4. HP: 35/35 MP: 4/4
  2580 | D:3      | Found Mixompuj's Weapon Boutique.
  2742 | D:4      | Noticed a centaur
  2754 | D:4      | Killed a centaur
  2755 | D:4      | Reached XP level 5. HP: 3/41 MP: 5/5
  3067 | D:4      | Identified the +8 spear "Imopin" {flame, *Rage Int+5 Dex+5}
  3112 | D:4      | Found a staircase to the Ecumenical Temple.
  3507 | D:5      | Entered Level 5 of the Dungeon
  3522 | D:5      | Reached XP level 6. HP: 47/47 MP: 6/6
  3724 | D:5      | Noticed Edmund
  3733 | D:5      | Killed Edmund
  3734 | D:5      | Gained mutation: You regenerate a little health from kills.
                  | [demonic ancestry]
  3734 | D:5      | Reached XP level 7. HP: 21/52 MP: 7/7
  3738 | D:5      | Slain by an ogre

Illustrated notes

Levels and vault maps discovered:
D:1:      dpeg_arrival_connections, layout_loops_ring,
          hellmonk_ecumenical_altar_watching_god
D:2:      layout_basic, basic_altar
D:3:      layout_basic, serial_shops, nicolae_shop_bloodbath_and_beyond
D:4:      layout_basic, minmay_temple_entry_gardened_gates,
          corexii_checkpoint_a, minmay_unequal
D:5:      layout_loops_ring, uniq_edmund

Skill      XL: |  1  2  3  4  5  6 |
---------------+-------------------+-----
Axes           | 2 3 4 |  4.9
Polearms       | 2 4 |  4.9
Fighting       | |  3.1
Armour         | |  2.8
Shields        | |  2.8

Action                   |  1- 3 |  4- 6 |  7- 9 || total
-------------------------+-------+-------+-------++-------
Melee: War axe           |   133 |    20 |       ||   153
       Spear             |       |    40 |       ||    40
  Use: Potion            |       |     1 |       ||     1
Armor: Scale mail        |    87 |    31 |       ||   118
Dodge: Dodged            |    67 |    26 |       ||    93
Block: Buckler           |    31 |    15 |       ||    46
